 Dungeon Crawl Stone Soup version 0.18.1-50-g88ac8fd (webtiles) character file.

295 Krapule the Caller (level 6, 0/36 HPs)
             Began as a Tengu Summoner on Oct 31, 2016.
             Succumbed to a scorpion's poison
             ... on level 4 of the Dungeon.
             The game lasted 00:18:59 (3363 turns).

Krapule the Caller (Tengu Summoner)                 Turns: 3363, Time: 00:19:01

Health: 0/36       AC:  5    Str: 11    XL:     6   Next: 34%
Magic:  7/11       EV: 14    Int: 20    God:
Gold:   223        SH:  0    Dex: 14    Spells: 2 memorised, 8 levels left

rFire  . . .     SeeInvis .     a - +0 spear
rCold  . . .     Gourm    .     f - +0 ring mail
rNeg   . . .     Faith    .     (no shield)
rPois  .         Spirit   .     (helmet restricted)
rElec  .         Dismiss  .     (no cloak)
rCorr  .         Reflect  .     (no gloves)
SustAt .         Harm     .     (boots unavailable)
MR     .....                    (no amulet)
Stlth  +.........               (no ring)
                                (no ring)

@: brilliant, lethally poisoned (0 -> -27), flying quickly and evasively, quick,
not resistant to hostile enchantments, very unstealthy
A: beak, talons 3, able to fly 1
a: no special abilities


You were on level 4 of the Dungeon.
You were hungry.

You visited 1 branch of the dungeon, and saw 4 of its levels.

You collected 223 gold pieces.

Inventory:

Hand Weapons
 a - a +0 spear (weapon)
 b - a +0 shortbow of freezing
Missiles
 r - 56 arrows
Armour
 f - a +0 ring mail (worn)
 i - a +0 robe
Wands
 t - a wand of confusion (21/48)
Scrolls
 e - a scroll of noise {unknown}
 h - a scroll of random uselessness {unknown}
 l - a scroll of enchant armour {unknown}
 o - a scroll of identify {unknown}
 q - a scroll of remove curse {unknown}
Potions
 d - 3 potions of flight
 j - a potion of curing {unknown}
 m - a potion of ambrosia {unknown}
 n - a potion of resistance {unknown}
Books
 s - a book of Callings

   Spells                             Type                      Level
   a - Summon Small Mammal            Summoning                    1
   b - Call Imp                       Summoning                    2
   c - Call Canine Familiar           Summoning                    3
   d - Summon Guardian Golem          Hexes/Summoning              3
   e - Summon Lightning Spire         Summoning/Air                4
   f - Summon Ice Beast               Ice/Summoning                4
Comestibles
 c - 2 bread rations
 k - 3 meat rations


   Skills:
 + Level 2.5 Fighting
 + Level 1.9 Polearms
 - Level 2.0 Armour
 + Level 3.4 Dodging
 - Level 2.0 Stealth
 + Level 3.0 Spellcasting
 + Level 5.9 Summonings


You had 8 spell levels left.
You knew the following spells:

 Your Spells              Type           Power        Failure   Level  Hunger
a - Summon Small Mammal   Summ           ####         1%          1    None
z - Call Imp              Summ           #####...     1%          2    ##.....


Dungeon Overview and Level Annotations

Branches:
Dungeon (4/15)
 Temple: D:4-7

Altars:
Zin
The Shining One


Innate Abilities, Weirdness & Mutations

You have a beak for a mouth.
You have claws for feet.
You can fly.


Message History

You feel very buoyant.
You swoop lightly up into the air.
* * * LOW HITPOINT WARNING * * *
You feel sick. The scorpion stings your crimson imp.
Your crimson imp hits the scorpion but does no damage. x2
Unknown command.
You barely miss the scorpion.
The scorpion is severely wounded.
* * * LOW HITPOINT WARNING * * *
You feel sick. The scorpion stings you.
* * * LOW HITPOINT WARNING * * *
You are more poisoned.
The scorpion poisons you!
Your crimson imp blinks!
Your crimson imp hits the scorpion but does no damage.
Your crimson imp hits the scorpion.
Drink which item? (? for menu, Esc to quit)
It was a potion of brilliance.
You feel clever all of a sudden.
You die...

###.######.#+## #..#
##...## ###.#
##.....## ##.#.#
##.......##
###....###.5.......#
.........+...$....$+
##.....#.#.........#
#.#.#.#.##.......#
#.#...#.# #.(55@#
#.#.###.# ##..s##
#.#.###.# ##ยง##
#.......# #.#
###.##### #.# #.#
##<## #.# ##...##
#.#######.....#
#............##


You could see a scorpion and 3 friendly crimson imps.

Vanquished Creatures
  A hound (D:4)
  An orc priest (D:3)
  An iguana (D:4)
  A worker ant (D:3)
  3 adders
  An ooze (D:3)
  2 worms
  A giant gecko (D:1)
  An orc (D:3)
  A ball python (D:1)
  5 giant cockroaches
  7 goblins
  5 hobgoblins
  2 jackals (D:1)
  5 kobolds
  9 bats
  2 giant newts
  A goblin skeleton (D:4)
  A goblin zombie (D:4)
  4 hobgoblin zombies (D:4)
  2 orc zombies (D:4)
  7 rats
63 creatures vanquished.

Vanquished Creatures (collateral kills)
  An ogre (D:4)
  A crimson imp (D:4)
  A worker ant (D:4)
  An ooze (D:4)
  A giant gecko (D:1)
  4 orcs (D:3)
  2 bats (D:1)
  A giant cockroach (D:1)
  2 hobgoblins (D:1)
  3 jackals (D:1)
  A giant newt (D:1)
  A goblin zombie (D:4)
  A hobgoblin zombie (D:4)
  An orc skeleton (D:4)
  An orc zombie (D:4)
  A rat (D:1)
23 creatures vanquished.

Grand Total: 86 creatures vanquished

Notes
Turn   | Place    | Note
--------------------------------------------------------------
     0 | D:1      | Krapule the Tengu Summoner began the quest for the Orb.
     0 | D:1      | Reached XP level 1. HP: 10/10 MP: 4/4
   502 | D:1      | Reached XP level 2. HP: 16/16 MP: 6/6
   516 | D:1      | Learned a level 2 spell: Call Imp
   532 | D:1      | Reached skill level 5 in Summonings
   663 | D:1      | Reached skill level 1 in Fighting
   669 | D:1      | Reached skill level 1 in Armour
   672 | D:1      | Reached XP level 3. HP: 13/20 MP: 5/7
  1474 | D:2      | Found a glowing silver altar of Zin.
  2023 | D:2      | Reached XP level 4. HP: 21/25 MP: 8/8
  2424 | D:3      | Gained mutation: You can fly. [Tengu growth]
  2424 | D:3      | Reached XP level 5. HP: 30/30 MP: 9/9
  2678 | D:3      | Reached skill level 1 in Polearms
  3191 | D:4      | Found a glowing golden altar of the Shining One.
  3202 | D:4      | Reached XP level 6. HP: 35/35 MP: 11/11
  3362 | D:4      | HP: 1/36 [scorpion (4)]
  3363 | D:4      | Succumbed to a scorpion's poison

Skill      XL: |  1  2  3  4  5  6 |
---------------+-------------------+-----
Summonings     | 5 |  5.9
Fighting       | 1 2 |  2.5
Armour         | 1 2 |  2.0
Polearms       | 1 |  1.9
Dodging        | 3 |  3.4
Spellcasting   | 3 |  3.0
Stealth        | |  2.0

Action                   |  1- 3 |  4- 6 || total
-------------------------+-------+-------++-------
Melee: Unarmed           |    17 |       ||    17
       Club              |    76 |       ||    76
       Kick              |    21 |    19 ||    40
       Peck              |    16 |     7 ||    23
       Spear             |    60 |    87 ||   147
 Fire: Shortbow          |       |    19 ||    19
 Cast: Summon Small Mamm |     6 |       ||     6
       Call Imp          |     7 |    14 ||    21
  Use: Potion            |       |     2 ||     2
 Stab: Distracted        |     2 |     2 ||     4
       Sleeping          |       |     2 ||     2
  Eat: Chunk             |     3 |     4 ||     7
       Pizza             |       |     1 ||     1
Armor: Robe              |     9 |       ||     9
       Ring mail         |    61 |    18 ||    79
Dodge: Dodged            |    98 |    29 ||   127
